 Dungeon Crawl Stone Soup version 0.18-a0-1211-g828307d (webtiles) character file.

22292 4thArraOfDagon the Brawler (level 12, -31/104 HPs)
             Began as a Troll Berserker on Feb 2, 2016.
             Was a Priest of Trog.
             Annihilated by a glaive of chopping (33 damage)
             ... on level 2 of the Elven Halls.
             The game lasted 00:24:04 (4165 turns).

4thArraOfDagon the Brawler (Troll Berserker)        Turns: 4165, Time: 00:24:04

Health: -31/104    AC: 15    Str: 28    XL:     12   Next: 61%
Magic:  0/15       EV: 10    Int:  7    God:    Trog [***...]
Gold:   383        SH: 16    Dex: 14    Spells: 0 memorised, 11 levels left

rFire  + + .     SeeInvis .       - Unarmed
rCold  . . .     Gourm    +     f - +0 fire dragon armour (curse)
rNeg   . . .     Faith    .     J - +1 large shield {rC+}
rPois  .         Spirit   +     (helmet restricted)
rElec  .         Dismiss  .     d - +0 cloak
rCorr  +         Reflect  .     (gloves unavailable)
SustAt .         Harm     .     (boots unavailable)
MR     ++...                    H - amulet of guardian spirit
Stlth  ++........               M - ring of stealth
                                e - ring of resist corrosion

@: agile, lethally poisoned (-31 -> -53), exhausted, about to teleport, very
slightly contaminated, regenerating, slowed, drained, very slow, very resistant
to hostile enchantments, unstealthy
A: unfitting armour, claws 3, fast metabolism 3, gourmand, regeneration 2,
shaggy fur 1, tough skin 2
a: Berserk, Trog's Hand, Burn Spellbooks, Renounce Religion


You were on level 2 of the Elven Halls.
You worshipped Trog.
Trog was most pleased with you.
You were not hungry.

You visited 3 branches of the dungeon, and saw 14 of its levels.
You also visited: Ossuary.

You collected 1376 gold pieces.
You spent 993 gold pieces at shops.

Inventory:

Hand Weapons
 C - the +10 whip of Termination {antimagic, rF+ rN++ Dex-2}
   (You found it on level 8 of the Dungeon)

   It disrupts the flow of magical energy around spellcasters and certain
   magical creatures (including the wielder).
   It affects your dexterity (-2).
   It protects you from fire.
   It greatly protects you from negative energy.
Armour
 a - a +0 animal skin
 c - a +2 shield
 d - a +0 cloak (worn)
 f - a cursed +0 fire dragon armour (worn)
 J - a +1 large shield of cold resistance (worn)
Magical Staves
 y - an uncursed staff of poison {unknown}
Jewellery
 e - a ring of resist corrosion (left claw)
 i - an uncursed ring of ice
 H - an amulet of guardian spirit (around neck)
 M - a ring of stealth (right claw)
Wands
 t - a wand of disintegration (13/24)
 B - a wand of polymorph (16/24)
 E - a wand of iceblast (6/15)
 I - a wand of teleportation (4/9)
Scrolls
 g - 3 scrolls of recharging
 k - a scroll of fog
 l - 2 scrolls of teleportation
 m - 3 scrolls of amnesia
 s - a scroll of fear
 u - a scroll of random uselessness
 v - 8 scrolls of remove curse
 G - 2 scrolls of enchant weapon
Potions
 h - a potion of agility
 j - 2 potions of might {unknown}
 n - 3 potions of lignification {unknown}
 o - a potion of flight {unknown}
 p - 2 potions of cancellation {unknown}
 r - 2 potions of curing
 x - 2 potions of brilliance {unknown}
 z - a potion of haste {unknown}
 D - a potion of mutation {unknown}
 K - a potion of ambrosia {unknown}
Books
 L - a book of Burglary

   Spells                             Type                      Level
   a - Swiftness                      Charms/Air                   2
   b - Passwall                       Transmutation/Earth          3
   c - Passage of Golubria            Translocation                4
   d - Lee's Rapid Deconstruction     Earth                        5
   e - Darkness                       Hexes                        6
   f - Invisibility                   Hexes                        6
   Trog disapproves of the use of such an item.
Comestibles
 b - 8 bread rations
 A - 3 meat rations


   Skills:
 - Level 2.4(2.1) Fighting
 + Level 9.0(8.7) Armour
 - Level 2.4(2.1) Dodging
 * Level 4.0(3.7) Shields
 * Level 15.4(15.0) Unarmed Combat
 + Level 6.0(5.7) Evocations


You had 11 spell levels left.
You didn't know any spells.

Dungeon Overview and Level Annotations

Branches:
Dungeon (10/15)               Orc (2/2) D:9             Elf (2/3) Orc:2
 Temple: D:4-7         Lair: D:8-11

Altars:
Fedhas
Vehumet
Beogh

Shops:
Orc:2 *}*   Elf:2 !::=


Innate Abilities, Weirdness & Mutations

You are too large for most types of armour.
You have claws for hands.
Your metabolism is lightning-fast.
You like to eat raw meat.
You heal very quickly.
You are covered in fur (AC +1).
You have very tough skin (AC +2).


Message History

Drink which item? (? for menu, Esc to quit)
You feel much better.
You feel very sick.
The quick blade of venom hits you but does no damage.
You are more poisoned.
The quick blade of venom hits you but does no damage.
The trident of venom closely misses you.
The glaive of chopping hits you from afar!!
* * * LOW HITPOINT WARNING * * *
x2 The quick blade of venom hits you but does no damage.
You are more poisoned.
The war axe of venom hits you but does no damage.
The deep elf mage casts a spell.
The trident of venom hits you but does no damage.
You are more poisoned.
The deep elf mage hits you but does no damage.
You block the hellwing's attack. x2
You block the quick blade of venom's attack.
The glaive of chopping hits you from afar!!
You die...

....... ......3
....e.. .......
......#
##.....##
###4e(....#
#.(@((.....
........e(.....
...............
#..............
###############


You could see a deep elf knight, a hellwing, 2 deep elf magi, a neqoxec and 5
dancing weapons.

Vanquished Creatures
  An orc warlord (Orc:2)
  Snorg (Orc:1)
  Erolcha (Orc:1)
  4 dancing weapons
  4 orc high priests (Orc:2)
  4 deep elf archers
  5 orc knights (Orc:2)
  7 deep elf magi
  A necromancer (D:9)
  4 orc sorcerers
  A troll (Orc:2)
  A wyvern (D:10)
  4 yaks (D:9)
  A wraith (Ossuary)
  A fire elemental (Elf:1)
  A hungry ghost (D:7)
  A warg (Orc:1)
  18 orc warriors
  An ice beast (D:10)
  A wasp (D:7)
  6 ogres
  An eye of draining (D:9)
  2 centaurs
  2 giant frogs
  An earth elemental (Elf:1)
  A scorpion (D:9)
  6 killer bees (D:9)
  3 wights (D:6)
  An electric eel (Orc:2)
  A crimson imp (D:8)
  2 giant frog zombies
  12 orc priests
  5 hounds
  3 jellies
  12 orc wizards
  A giant frog skeleton (D:8)
  An iguana (D:5)
  4 worker ants
  2 polar bear simulacra (D:9)
  4 yak simulacra (D:9)
  2 wolf simulacra (D:9)
  2 hound skeletons
  A mummy (Ossuary)
  3 adders
  2 shadow imps
  A worm (D:5)
  A giant gecko (D:5)
  59 orcs
  A goblin (D:2)
  3 hobgoblins
  3 jackals (D:4)
  2 kobolds
  A quokka (D:4)
  A giant gecko skeleton (D:4)
  4 giant newts
  2 gnoll skeletons (Ossuary)
  7 orc skeletons (Ossuary)
  A quokka zombie (D:8)
  A rat (D:3)
  3 river rat simulacra (D:9)
232 creatures vanquished.

Vanquished Creatures (collateral kills)
  2 orc warriors (Orc:1)
  5 orcs (Orc:1)
7 creatures vanquished.

Grand Total: 239 creatures vanquished

Notes
Turn   | Place    | Note
--------------------------------------------------------------
     0 | D:1      | 4thArraOfDagon the Troll Berserker began the quest for the Orb.
     0 | D:1      | Reached XP level 1. HP: 22/22 MP: 0/0
     1 | D:1      | Noticed a dwarf
     2 | D:1      | Noticed a minotaur
     4 | D:1      | Noticed a demigod
     4 | D:1      | Noticed a draconian
     6 | D:1      | Noticed a naga
     6 | D:1      | Noticed a halfling
     8 | D:1      | Noticed an elf
     8 | D:1      | Noticed a ghoul
    10 | D:1      | Noticed a vampire
    10 | D:1      | Noticed a troll
    12 | D:1      | Noticed a demonspawn
    14 | D:1      | Noticed a centaur
    14 | D:1      | Noticed a vine stalker
    16 | D:1      | Noticed an ogre
    18 | D:1      | Noticed a merfolk
    18 | D:1      | Noticed a formicid
    20 | D:1      | Noticed an octopode
    20 | D:1      | Noticed a human
    22 | D:1      | Noticed a tengu
    24 | D:1      | Noticed a felid
    26 | D:1      | Noticed a spriggan
    26 | D:1      | Noticed a gargoyle
   238 | D:2      | Reached XP level 2. HP: 26/29 MP: 1/1
   385 | D:3      | Noticed a giant frog
   389 | D:3      | Killed a giant frog
   389 | D:3      | Reached skill level 5 in Unarmed Combat
   389 | D:3      | Reached XP level 3. HP: 18/36 MP: 2/2
   389 | D:3      | Reached XP level 4. HP: 22/44 MP: 3/3
   460 | D:4      | Found a blossoming altar of Fedhas.
   549 | D:4      | Reached XP level 5. HP: 50/50 MP: 4/4
   616 | D:4      | Found a sand-covered staircase.
   631 | D:4      | Reached ** piety under Trog
   631 | D:4      | Reached skill level 6 in Unarmed Combat
   654 | Ossuary  | Entered an ossuary
   654 | Ossuary  | Noticed a wraith
   654 | Ossuary  | Noticed a wraith
   654 | Ossuary  | Noticed a wraith
   671 | Ossuary  | Reached skill level 1 in Armour
   725 | Ossuary  | Noticed a wraith
   736 | Ossuary  | Killed a wraith
   736 | Ossuary  | Reached XP level 6. HP: 59/59 MP: 5/5
   841 | D:5      | Entered Level 5 of the Dungeon
   856 | D:5      | Reached skill level 7 in Unarmed Combat
   978 | D:6      | Reached XP level 7. HP: 66/66 MP: 6/6
  1036 | D:5      | Reached skill level 8 in Unarmed Combat
  1193 | D:7      | Noticed a hungry ghost
  1207 | D:7      | Killed a hungry ghost
  1215 | D:7      | Reached XP level 8. HP: 72/74 MP: 7/7
  1303 | D:8      | Got a transparent whip
  1363 | D:9      | Reached skill level 9 in Unarmed Combat
  1437 | D:9      | Noticed a necromancer
  1456 | D:9      | Killed a necromancer
  1512 | D:9      | Reached skill level 10 in Unarmed Combat
  1629 | D:9      | Reached skill level 5 in Armour
  1629 | D:9      | Reached XP level 9. HP: 80/80 MP: 8/8
  1651 | D:9      | Reached *** piety under Trog
  1658 | D:9      | Reached skill level 11 in Unarmed Combat
  1851 | D:10     | Entered Level 10 of the Dungeon
  1859 | D:10     | Reached skill level 1 in Evocations
  1968 | D:9      | Reached skill level 12 in Unarmed Combat
  2004 | D:9      | Found a staircase to the Orcish Mines.
  2033 | D:9      | Reached **** piety under Trog
  2033 | D:9      | Reached XP level 10. HP: 88/88 MP: 10/10
  2136 | Orc:1    | Entered Level 1 of the Orcish Mines
  2198 | Orc:1    | Noticed Snorg
  2210 | Orc:1    | Killed Snorg
  2294 | Orc:1    | Noticed an orc sorcerer
  2300 | Orc:1    | Killed an orc sorcerer
  2359 | Orc:1    | Noticed Erolcha
  2368 | Orc:1    | Killed Erolcha
  2399 | Orc:2    | Entered Level 2 of the Orcish Mines
  2406 | Orc:2    | Noticed an orc knight
  2420 | Orc:2    | Killed an orc knight
  2420 | Orc:2    | Reached skill level 13 in Unarmed Combat
  2578 | Orc:2    | Found a staircase to the Elven Halls.
  2632 | Orc:2    | Noticed an orc warlord
  2637 | Orc:2    | murphy: u trying to speedrun? why u enter he orcish mines then? O.o
  2684 | Orc:2    | 4thArraOfDagon: this is not a speedrun
  2690 | Orc:2    | 4thArraOfDagon: more like a solid run
  2698 | Orc:2    | murphy: ok
  2703 | Orc:2    | Killed an orc warlord
  2703 | Orc:2    | Reached XP level 11. HP: 72/94 MP: 5/13
  2846 | Orc:2    | 4thArraOfDagon: i need something solid
  2846 | Orc:2    | 4thArraOfDagon: to start a streak
  2855 | Orc:2    | Noticed an orc high priest
  2883 | Orc:2    | Killed an orc high priest
  2907 | Orc:2    | Found a roughly hewn altar of Beogh.
  2965 | Orc:2    | Noticed an orc knight
  2979 | Orc:2    | Killed an orc knight
  3044 | Orc:2    | Noticed an orc knight
  3044 | Orc:2    | Noticed an orc high priest
  3046 | Orc:2    | Noticed an orc knight
  3047 | Orc:2    | Noticed an orc sorcerer
  3049 | Orc:2    | Noticed an orc high priest
  3067 | Orc:2    | Killed an orc high priest
  3067 | Orc:2    | Reached skill level 14 in Unarmed Combat
  3080 | Orc:2    | Killed an orc sorcerer
  3088 | Orc:2    | Killed an orc knight
  3096 | Orc:2    | Killed an orc knight
  3111 | Orc:2    | Killed an orc high priest
  3111 | Orc:2    | Reached skill level 5 in Evocations
  3141 | Orc:2    | Noticed an orc sorcerer
  3148 | Orc:2    | Paralysed by an orc sorcerer for 4 turns
  3158 | Orc:2    | Killed an orc sorcerer
  3172 | Orc:2    | Noticed an orc sorcerer
  3184 | Orc:2    | Killed an orc sorcerer
  3197 | Orc:2    | Noticed an orc high priest
  3213 | Orc:2    | Killed an orc high priest
  3214 | Orc:2    | jacquesderrida: DEGIN
  3214 | Orc:2    | Noticed an orc knight
  3230 | Orc:2    | Killed an orc knight
  3253 | Orc:2    | jacquesderrida: THE MENG OF CONSIDERABLE VELOCITY
  3268 | Orc:2    | Found Zaaleh's Assorted Antiques.
  3268 | Orc:2    | Found Efoculon's Gadget Shoppe.
  3270 | Orc:2    | Found Ekoazosk's General Store.
  3270 | Orc:2    | Found Cuxuroh's Jewellery Shoppe.
  3276 | Orc:2    | Bought a shiny shield for 112 gold pieces
  3276 | Orc:2    | Bought a sedimented puce potion for 22 gold pieces
  3276 | Orc:2    | Bought a blue potion for 22 gold pieces
  3276 | Orc:2    | Bought a scroll labeled SULIACWE TURA for 25 gold pieces
  3276 | Orc:2    | Bought a scroll labeled SULIACWE TURA for 25 gold pieces
  3276 | Orc:2    | jacquesderrida: deeeeeeeeeeeeeeng
  3278 | Orc:2    | jacquesderrida: coffen
  3278 | Orc:2    | Bought a scroll of remove curse for 42 gold pieces
  3278 | Orc:2    | Bought a scroll of blinking for 105 gold pieces
  3278 | Orc:2    | jacquesderrida: also nais shielt
  3278 | Orc:2    | Bought a scroll of fear for 49 gold pieces
  3281 | Orc:2    | Bought a wand of teleportation (4/9) for 360 gold pieces
  3289 | Orc:2    | Bought a +1 large shield of cold resistance for 231 gold pieces
  3300 | Orc:2    | 4thArraOfDagon: hi hacqe
  3300 | Orc:2    | jacquesderrida: hai
  3300 | Orc:2    | jacquesderrida: HAI*
  3300 | Orc:2    | 4thArraOfDagon: jacqe*
  3300 | Orc:2    | 4thArraOfDagon: im tryin
  3300 | Orc:2    | jacquesderrida: very gud
  3300 | Orc:2    | 4thArraOfDagon: im tryin hard
  3319 | Orc:2    | jacquesderrida: we kip on traeng
  3388 | Elf:1    | Entered Level 1 of the Elven Halls
  3388 | Elf:1    | Noticed a deep elf mage
  3388 | Elf:1    | Noticed a deep elf mage
  3388 | Elf:1    | Noticed a deep elf mage
  3388 | Elf:1    | Noticed a short sword of electrocution
  3393 | Elf:1    | Noticed a deep elf mage
  3394 | Elf:1    | Killed a short sword of electrocution
  3394 | Elf:1    | Reached XP level 12. HP: 104/104 MP: 15/15
  3402 | Elf:1    | Reached skill level 1 in Shields
  3485 | Elf:1    | Reached ***** piety under Trog
  3485 | Elf:1    | Reached skill level 15 in Unarmed Combat
  3543 | Elf:1    | Identified the +10 whip of Termination {antimagic, rF+ rN++ Dex-2} (You found it on level 8 of the Dungeon)
  3557 | Elf:1    | Found a radiant altar of Vehumet.
  3712 | Elf:2    | Found Ishrowuh's Jewellery Emporium.
  3922 | Elf:2    | Found Ryrex's Book Shoppe.
  4065 | Elf:2    | BLOAX: * * * don't die * * *
  4117 | Elf:1    | BLOAX: https://www.youtube.com/watch?v=KHOimpa1fuU
  4157 | Elf:2    | Found Amnaoroe's Distillery.
  4157 | Elf:2    | Found Ponag's Book Shop.
  4164 | Elf:2    | Noticed a quick blade of venom
  4165 | Elf:2    | BLOAX: rip
  4165 | Elf:2    | HP: 2/104 [glaive of chopping (9)]
  4165 | Elf:2    | Annihilated by a glaive of chopping

Vault maps used:
D:1:      kb_arrival_jail, st_stairs_4
D:3:      ecumenical_altar_2
D:4:      enter_ossuary_1, fedhas_altar_1
D:5:      first_bread
D:6:      gammafunk_temple_overflow_wave, minmay_temple_entry_purple_smoke,
          vehumet_altar_wand_db
D:7:      grunt_livestock
D:8:      minmay_pinched_square
D:9:      hiddenorc2_lemuel, small_chamber_with_monster, eino_house_with_fridge
D:10:     serial_shops, nicolae_shop_scaring_up_business,
          hangedman_decor_opposing
Orc:1:    uniq_snorg, uniq_erolcha
Orc:2:    grunt_orc_tribal_feast, nicolae_orc_flooded_monolith,
          bh_open_orc_temple
Elf:1:    minmay_elf_arrival_summoners, basic_altar, minmay_elf_sorcery
Elf:2:    serial_shops, shop, shop, shop, shop, nicolae_shop_trees
Ossuary:  ossuary_due_mausoleum

Action                   |  1- 3 |  4- 6 |  7- 9 | 10-12 || total
-------------------------+-------+-------+-------+-------++-------
Melee: Unarmed           |    15 |   100 |   235 |   396 ||   746
Invok: Berserk           |       |     3 |     2 |    11 ||    16
       Trog's Hand       |       |       |     4 |    21 ||    25
       Brothers in Arms  |       |       |       |     1 ||     1
Evoke: Wand              |       |       |     1 |     7 ||     8
  Use: Potion            |     1 |       |     2 |     5 ||     8
       Scroll            |       |     4 |     2 |    11 ||    17
  Eat: Chunk             |     7 |     8 |    22 |    27 ||    64
       Pizza             |       |       |     1 |       ||     1
       Beef jerky        |       |       |       |     2 ||     2
